 Dungeon Crawl Stone Soup version 0.31-a0-188-g5e087ee2ca (webtiles) character file.

Game seed: 16560107234640885166

120158 Munksy the Peltast (level 15, -2/137 HPs)
             Began as a Minotaur Fighter on June 23, 2023.
             Was a High Priest of Okawaru.
             Slain by a death yak (17 damage)
             ... on level 5 of the Lair of Beasts.
             The game lasted 01:44:21 (22948 turns).

Munksy the Peltast (Minotaur Fighter)              Turns: 22948, Time: 01:44:23

Health: -2/137     AC: 24    Str: 39    XL:     15   Next: 99%
Magic:  0/19       EV: 13    Int:  3    God:    Okawaru [*****.]
Gold:   955        SH: 24    Dex: 17    Spells: 14/14 levels left

rFire   + + .        Z - +4 short sword of Noon {elec, rElec rF+ Int-2 Stlth+}
rCold   + . .        f - +0 kite shield
rNeg    . . .        T - +4 plate armour {rC+}
rPois   .            h - +1 hat
rElec   +            W - +1 cloak of Meothraipp {Drain rF+ rCorr Dex+3}
rCorr   +            I - +0 pair of gloves
SInv    .            N - +1 pair of boots "Xearean" {Dex+3}
Will    +....        A - brooch of Shielding {Spirit SH+8} Stlth
                     R - +6 ring of strength
HPRegen 0.42/turn    L - +6 ring of strength
MPRegen 0.16/turn

%: guardian spirit
@: about to teleport, studying Air Magic
A: horns 2, retaliatory headbutt, deformed body, shaggy fur 1
}: 1/15 runes: serpentine
a: Renounce Religion, Heroism, Finesse, Duel


You were on level 5 of the Lair of Beasts.
You worshipped Okawaru.
Okawaru was extremely pleased with you.
You visited 3 branches of the dungeon, and saw 17 of its levels.
You visited 1 bazaar.
You also visited: Ossuary and Gauntlet.

You collected 2002 gold pieces.
You spent 1047 gold pieces at shops.

Inventory:

Hand Weapons
 g - the +9 sword of Power {lifebolt}
   (You found it in a Gauntlet)
 Z - the +4 short sword of Noon (weapon) {elec, rElec rF+ Int-2 Stlth+}
   (You took it off a minotaur in a Gauntlet)

   Int:       It affects your intelligence (-2).
   rF:        It protects you from fire.
   rElec:     It insulates you from electricity.
   Stlth:     It makes you more stealthy.
Armour
 f - a +0 kite shield (worn)
 h - a +1 hat (worn)
 I - a +0 pair of gloves (worn)
 N - the +1 pair of boots "Xearean" (worn) {Dex+3}
   (You found it on level 7 of the Dungeon)

   Dex:       It affects your dexterity (+3).
 T - a +4 plate armour of cold resistance (worn)
 W - the +1 cloak of Meothraipp (worn) {Drain rF+ rCorr Dex+3}
   (You found it in a Gauntlet)

   Dex:       It affects your dexterity (+3).
   rF:        It protects you from fire.
   rCorr:     It protects you from acid and corrosion.
   Drain:     It drains your maximum health when unequipped.
Jewellery
 m - a ring of positive energy
 r - an amulet of reflection
 A - the brooch of Shielding (around neck) {Spirit SH+8}
   (You acquired it on level 5 of the Dungeon)

   [amulet of guardian spirit]

   It causes incoming damage to be divided between your reserves of health and
   magic.
   SH:        It affects your SH (+8).
 H - a ring of protection from cold
 K - a +4 ring of protection
 L - a +6 ring of strength (right hand)
 M - a ring of fire
 R - a +6 ring of strength (left hand)
 X - a ring of fire
Wands
 a - a wand of polymorph (12)
 b - a wand of mindburst (11)
 w - a wand of digging (6)
 D - a wand of iceblast (11)
 G - a wand of flame (65)
 J - a wand of acid (5)
 O - a wand of paralysis (21)
Scrolls
 d - 8 scrolls of fog
 e - 4 scrolls of vulnerability
 k - 4 scrolls of teleportation
 n - 3 scrolls of poison
 p - a scroll of torment
 q - 5 scrolls of blinking
 s - a scroll of butterflies {unknown}
 t - 4 scrolls of revelation
 x - 2 scrolls of immolation
 y - 4 scrolls of fear
 C - 3 scrolls of amnesia
Potions
 c - a potion of mutation
 i - 2 potions of brilliance
 j - a potion of haste
 l - a potion of invisibility
 o - 3 potions of degeneration
 u - 2 potions of cancellation
 v - 5 potions of attraction
 z - 3 potions of resistance {unknown}
 B - 2 potions of curing
 E - a potion of enlightenment
 F - 2 potions of heal wounds
 P - a potion of magic


   Skills:
 + Level 13.8 Fighting
 + Level 11.2 Short Blades
 + Level 2.5(8.7) Axes
 + Level 12.9(13.0) Maces & Flails
 + Level 14.4 Armour
 + Level 7.6 Dodging
 + Level 2.9 Stealth
 + Level 19.7 Shields
 + Level 6.8 Invocations
 + Level 0.2 Evocations


You had 14 spell levels left.
You didn't know any spells.
Your spell library contained the following spells:

 Spells                   Type           Power      Damage    Failure   Level
 Apportation              Tloc           0%         N/A       95%         1
 Beastly Appendage        Tmut           0%         N/A       95%         1
 Magic Dart               Conj           0%         1d3       95%         1
 Necrotise                Necr           0%         1d4       95%         1
 Searing Ray              Conj           0%         2d4       99%         2
 Wereblood                Tmut           0%         N/A       99%         2
 Hailstorm                Conj/Ice       0%         3d3       100%        3
 Portal Projectile        Hex/Tloc       0%         N/A       100%        3
 Spider Form              Tmut/Pois      0%         N/A       100%        3
 Vampiric Draining        Necr           0%         2d6       100%        3
 Fulminant Prism          Conj/Hex       0%         3d5       100%        4
 Ice Form                 Ice/Tmut       0%         N/A       100%        4
 Agony                    Necr           0%         N/A       100%        5
 Alistair's Intoxication  Tmut/Pois      0%         N/A       100%        5
 Blade Hands              Tmut           0%         N/A       100%        5
 Borgnjor's Vile Clutch   Necr/Erth      0%         N/A       100%        5
 Summon Small Mammal      Summ           Unusable   N/A       N/A         1
 Tukima's Dance           Hex            Unusable   N/A       N/A         3
 Animate Dead             Necr           Unusable   N/A       N/A         4
 Death Channel            Necr           Unusable   N/A       N/A         6
 Simulacrum               Ice/Necr       Unusable   N/A       N/A         6

Dungeon Overview and Level Annotations

Branches:
Dungeon (8/15)             Temple (0/1) D:6            Lair (5/5) D:8
  Swamp (0/4) Lair:3        Snake (4/4) Lair:2        Slime (0/5) Lair:5
Ossuary (visited)         Gauntlet (visited)

Altars:
Elyvilon
Fedhas
Gozag
Okawaru
Uskayaw
Vehumet
Wu Jian
The Shining One
Jiyva

Shops:
D:5 !:!=   D:6 (   Snake:1 :

Annotations:
Snake:4 Roxanne


Innate Abilities, Weirdness & Mutations

You have a pair of horns on your head.
You reflexively headbutt those who attack you in melee.
Armour fits poorly on your strangely shaped body.
You are covered in fur. (AC +1)


Message History

You are engulfed in calcifying dust.
The death yak gores you but does no damage.
The death yak gores you!
The death yak gores you but does no damage.
The catoblepas gores you but does no damage.
The death yak is no longer petrified.
The death yak barely misses you.
The death yak gores you but does no damage. x2
The death yak gores you! The catoblepas gores you!! The death yak gores you!
* * * LOW HITPOINT WARNING * * *
The death yak gores you but does no damage.
The death yak gores you!
* * * LOW HITPOINT WARNING * * *
The death yak barely misses you. The catoblepas gores you.
* * * LOW HITPOINT WARNING * * *
The death yak gores you!!
* * * LOW HITPOINT WARNING * * *
The death yak gores you but does no damage. x2
The death yak gores you!
* * * LOW HITPOINT WARNING * * *
The catoblepas gores you!
* * * LOW HITPOINT WARNING * * *
You turn to flesh and can move again.
As you read the scroll of teleportation, it crumbles to dust.
You feel strangely unstable.
The death yak gores you but does no damage. x2
You block the death yak's attack.
The death yak gores you but does no damage.
The catoblepas breathes a plume of calcifying dust at you.
The blast of calcifying dust hits you but does no damage.
You hit the death yak.
The death yak is lightly wounded.
You are engulfed in calcifying dust.
You block the death yak's attack. x2
You completely miss the death yak.
You headbutt the death yak, but do no damage.
The death yak is lightly wounded.
You are engulfed in calcifying dust.
The catoblepas closely misses you. You furiously retaliate!
You headbutt the catoblepas! You block the death yak's attack.
The death yak gores you!!
You die...

###### #######.P.P##
##P.......♣..## ###
##P.÷.......§..##♣.###
##......#######§†.....#
#.....###.÷...###....##
#†..### ÷......÷....#
††### ......YYY..## .##
.##.TY@§#.# .#
##kYY##.# ## #....##..#
# #..÷.#...# #
...8.##P..# ##
÷.8...#....# .#
....###...## P##
#####P....#
..########.P.....P##


You could see 5 death yaks, a catoblepas, a lindwurm and a deep troll shaman.

Vanquished Creatures
  4 nagarajas
  The ghost of Vacku Hude the Severer, a journeyman HOFi of Beogh (Lair:3)
  A minotaur (Gauntlet)
  5 salamander tyrants
  7 hydras
  16 anacondas
  5 naga warriors
  11 death yaks
  8 shock serpents
  11 naga sharpshooters
  A skyshark (Lair:4)
  3 salamander mystics (Snake:4)
  A fire crab (Gauntlet)
  3 naga ritualists
  9 mana vipers
  4 lindwurms (Snake:4)
  A bog body (Lair:3)
  Pikel (D:8)
  15 salamanders
  18 elephants
  5 guardian serpents (Snake:4)
  10 naga magi
  2 ice statues (Snake:2)
  An apocalypse crab (Gauntlet)
  35 black mambas
  A torpor snail (Gauntlet)
  4 cane toads
  2 rime drakes
  A minotaur zombie (Gauntlet)
  10 komodo dragons
  2 polar bears
  7 blink frogs (Lair:2)
  6 dream sheep (Lair:5)
  46 yaks
  2 wyverns
  7 basilisks
  2 fire bats (Gauntlet)
  A steam dragon (D:7)
  Menkaure (Ossuary)
  3 wargs (D:8)
  33 nagas
  10 water moccasins
  A swamp worm (Lair:3)
  A sky beast (D:7)
  An ice beast (D:5)
  5 black bears
  An ogre (D:7)
  35 wolves
  A centaur (D:6)
  A phantom (D:7)
  A kobold brigand (D:6)
  9 bullfrogs
  3 scorpions (D:5)
  4 wights
  3 electric eels
  A quasit (D:7)
  5 jellies
  3 hounds
  3 orc priests
  2 sleepcaps
  4 iguanas
  10 orc wizards
  3 mummies (Ossuary)
  A gnoll (D:1)
  6 adders
  10 river rats (D:5)
  A shadow imp (D:7)
  A white imp (D:6)
  An ufetubus (D:4)
  A worm (D:3)
  3 dart slugs
  27 orcs
  12 endoplasms
  A giant cockroach (D:1)
  3 gnoll zombies (Ossuary)
  12 goblins
  2 hobgoblins
  6 jackals (D:3)
  9 quokkas
  6 ball pythons
  6 bats
  7 frilled lizards
  2 gnoll skeletons (Ossuary)
  7 goblin skeletons
  6 goblin zombies
  7 hobgoblin skeletons (Ossuary)
  4 hobgoblin zombies (Ossuary)
  18 kobolds
  5 kobold skeletons
  8 kobold zombies
  4 orc skeletons
  3 orc zombies
  10 rats
  6 rat skeletons (Ossuary)
  5 rat zombies (Ossuary)
613 creatures vanquished.

Notes
Turn   | Place    | Note
-------+----------+-------------------------------------------
     0 | D:1      | Munksy the Minotaur Fighter began the quest for the Orb.
     0 | D:1      | Reached XP level 1. HP: 19/19 MP: 0/0
    83 | D:1      | Reached skill level 4 in Shields
    83 | D:1      | Reached XP level 2. HP: 16/27 MP: 1/1
   627 | D:1      | Reached XP level 3. HP: 33/33 MP: 2/2
  1342 | D:2      | Found an iron altar of Okawaru.
  1359 | D:2      | Became a worshipper of Warmaster Okawaru
  1672 | D:2      | Reached skill level 1 in Maces & Flails
  1992 | D:3      | Reached XP level 4. HP: 40/40 MP: 3/3
  2022 | D:3      | Reached skill level 1 in Dodging
  2697 | D:4      | Reached XP level 5. HP: 39/46 MP: 4/4
  2779 | D:4      | Reached skill level 5 in Armour
  3171 | D:4      | Noticed a black bear
  3182 | D:4      | Killed a black bear
  3410 | D:5      | Entered Level 5 of the Dungeon
  3419 | D:5      | Reached XP level 6. HP: 51/52 MP: 5/5
  3427 | D:5      | Reached skill level 5 in Shields
  3466 | D:5      | Found Uxaore's Book Boutique.
  3467 | D:5      | Found Jyph's Distillery.
  3467 | D:5      | Found Fualucaj's Jewellery Boutique.
  3467 | D:5      | Found Zamowkuv's Distillery.
  3703 | D:5      | Noticed an ice beast
  3709 | D:5      | Killed an ice beast
  3739 | D:5      | Found a sand-covered staircase.
  3747 | Ossuary  | Entered an ossuary
  4000 | Ossuary  | Noticed Menkaure
  4012 | Ossuary  | Killed Menkaure
  4012 | Ossuary  | Reached * piety under Okawaru
  4013 | Ossuary  | Reached skill level 5 in Maces & Flails
  4013 | Ossuary  | Reached XP level 7. HP: 25/60 MP: 6/6
  4223 | D:5      | Identified 2 scrolls of acquirement
  4225 | D:5      | Acquired the brooch of Shielding {Spirit SH+8}
  4225 | D:5      | Found the brooch of Shielding {Spirit SH+8}
  4232 | D:5      | Acquired 785 gold pieces
  4498 | D:5      | Reached skill level 5 in Fighting
  4579 | D:5      | Reached ** piety under Okawaru
  4580 | D:5      | Reached XP level 8. HP: 67/68 MP: 7/7
  4953 | D:6      | Found Oshat's Antique Weapon Boutique.
  4982 | D:6      | Found an ornate altar of the Wu Jian Council.
  5341 | D:6      | Reached skill level 6 in Shields
  5474 | D:6      | Found a staircase to the Ecumenical Temple.
  5936 | D:7      | Found a hide-covered altar of Uskayaw.
  5996 | D:7      | Identified the +1 pair of boots "Xearean" {Dex+3}
  6036 | D:7      | Found a glowing golden altar of the Shining One.
  6052 | D:7      | Reached XP level 9. HP: 76/77 MP: 8/8
  6183 | D:7      | Found a radiant altar of Vehumet.
  6207 | D:7      | Reached *** piety under Okawaru
  6208 | D:7      | Reached skill level 7 in Shields
  6324 | D:7      | Found a blossoming altar of Fedhas.
  6341 | D:7      | Reached skill level 1 in Stealth
  6692 | D:7      | Found an iron altar of Okawaru.
  6781 | D:8      | Found a white marble altar of Elyvilon.
  7038 | D:8      | Noticed Pikel
  7048 | D:8      | Killed Pikel
  7049 | D:8      | Reached skill level 10 in Maces & Flails
  7148 | D:8      | Found a staircase to the Lair.
  7161 | D:8      | Reached **** piety under Okawaru
  7168 | Lair:1   | Entered Level 1 of the Lair of Beasts
  7170 | Lair:1   | Noticed an elephant
  7170 | Lair:1   | Noticed an elephant
  7170 | Lair:1   | Noticed an elephant
  7170 | Lair:1   | Noticed an elephant
  7188 | Lair:1   | Killed an elephant
  7189 | Lair:1   | Reached skill level 8 in Shields
  7189 | Lair:1   | Reached XP level 10. HP: 76/86 MP: 7/9
  7197 | Lair:1   | Found a gate leading to a gauntlet.
  7203 | Lair:1   | Killed an elephant
  7223 | Lair:1   | Killed an elephant
  7223 | Lair:1   | Received a gift from Okawaru
  7241 | Lair:1   | Reached skill level 5 in Dodging
  7250 | Lair:1   | Reached skill level 1 in Invocations
  7252 | Lair:1   | Reached skill level 9 in Shields
  7262 | Lair:1   | Reached ***** piety under Okawaru
  7265 | Lair:1   | Killed an elephant
  7276 | Gauntlet | Entered a Gauntlet
  7276 | Gauntlet | Found a transporter.
  7276 | Gauntlet | Found a transporter.
  7280 | Gauntlet | Noticed a fire crab
  7281 | Gauntlet | Found a runed translucent door.
  7282 | Gauntlet | Found a transporter.
  7437 | Gauntlet | Found a runed translucent door.
  7444 | Gauntlet | Found a transporter.
  7453 | Gauntlet | Killed a fire crab
  7484 | Gauntlet | Noticed an apocalypse crab
  7498 | Gauntlet | Found a transporter.
  7498 | Gauntlet | Found a transporter.
  7505 | Gauntlet | Noticed a tengu warrior
  7507 | Gauntlet | Found a transporter.
  7507 | Gauntlet | Found a transporter.
  7527 | Gauntlet | Killed an apocalypse crab
  7528 | Gauntlet | Reached skill level 10 in Shields
  7529 | Gauntlet | Found a transporter.
  7531 | Gauntlet | Noticed a necromancer
  7531 | Gauntlet | Noticed a death yak
  7535 | Gauntlet | Noticed a death yak
  7536 | Gauntlet | Noticed a death yak
  7536 | Gauntlet | Noticed a death yak
  7537 | Gauntlet | Noticed a death yak
  7539 | Gauntlet | Noticed a death yak
  7539 | Gauntlet | Noticed a death yak
  7541 | Gauntlet | Noticed a great orb of eyes
  7545 | Gauntlet | Noticed a death yak
  7569 | Gauntlet | Noticed a brown ugly thing
  7570 | Gauntlet | Noticed a cyan ugly thing
  7665 | Gauntlet | Found a transporter.
  7683 | Gauntlet | Noticed a death yak
  7685 | Gauntlet | Noticed a torpor snail
  7695 | Gauntlet | Found a transporter.
  7697 | Gauntlet | Identified the +1 leather armour of Subjectivity {Dex+5}
  7712 | Gauntlet | Killed a death yak
  7713 | Gauntlet | Reached XP level 11. HP: 66/94 MP: 5/11
  7726 | Gauntlet | Killed a death yak
  7726 | Gauntlet | Received a gift from Okawaru
  7740 | Gauntlet | Killed a death yak
  7743 | Gauntlet | Identified the +1 cloak of Meothraipp {Drain rF+ rCorr
                  | Dex+3}
  7778 | Gauntlet | Found a transporter.
  7952 | Gauntlet | Found the +9 sword of Power {lifebolt}
  7952 | Gauntlet | Identified the +4 short sword of Noon {elec, rElec rF+
                  | Int-2 Stlth+}
  7952 | Gauntlet | Noticed a minotaur
  7974 | Gauntlet | Killed a minotaur
  8441 | Lair:1   | Reached skill level 1 in Short Blades
  8911 | Lair:1   | Reached skill level 11 in Shields
  9542 | Lair:2   | Found an iron altar of Okawaru.
  9765 | Lair:2   | Identified the +1 chain mail of the Ant {rF- Regen+ Slay+3}
                  | (Okawaru gifted it to you on level 2 of the Lair of Beasts)
  9765 | Lair:2   | Received a gift from Okawaru
  9766 | Lair:2   | Found a staircase to the Snake Pit.
  9795 | Lair:2   | Reached skill level 10 in Armour
  9895 | Lair:2   | Noticed a six-headed hydra
  9904 | Lair:2   | Killed a six-headed hydra
  9905 | Lair:2   | Reached XP level 12. HP: 65/105 MP: 2/12
  9913 | Lair:2   | Reached skill level 12 in Shields
  9951 | Lair:2   | Reached skill level 5 in Short Blades
 10317 | Lair:2   | Noticed an eight-headed hydra
 10326 | Lair:2   | Killed an eight-headed hydra
 10349 | Lair:2   | Reached skill level 10 in Fighting
 10553 | Lair:2   | Noticed a four-headed hydra
 10559 | Lair:2   | Killed a four-headed hydra
 10724 | Snake:1  | Entered Level 1 of the Snake Pit
 10811 | Snake:1  | Reached skill level 13 in Shields
 10877 | Snake:1  | Noticed an anaconda
 10894 | Snake:1  | Killed an anaconda
 11099 | Snake:1  | Noticed an anaconda
 11106 | Snake:1  | Killed an anaconda
 11126 | Snake:1  | Received a gift from Okawaru
 11194 | Snake:1  | Noticed an anaconda
 11206 | Snake:1  | Killed an anaconda
 11207 | Snake:1  | Reached XP level 13. HP: 67/114 MP: 9/14
 11680 | Snake:1  | Reached skill level 14 in Shields
 11708 | Snake:1  | Found Vuuxkun's Book Boutique.
 12614 | Snake:2  | Reached skill level 15 in Shields
 13463 | Snake:3  | Received a gift from Okawaru
 13571 | Snake:3  | Reached XP level 14. HP: 110/125 MP: 12/16
 13719 | Snake:3  | Found a flickering gateway to a bazaar.
 13725 | Bazaar   | Entered a bazaar
 13725 | Bazaar   | Found Cutiquom's General Store.
 13725 | Bazaar   | Found Xacor's Book Shoppe.
 13725 | Bazaar   | Found Duitt's Assorted Antiques.
 13727 | Bazaar   | Found Eskaen's Magic Scroll Emporium.
 13744 | Bazaar   | Bought a scroll of identify for 14 gold pieces
 13748 | Bazaar   | Bought a scroll of identify for 50 gold pieces
 13748 | Bazaar   | Bought a scroll of identify for 50 gold pieces
 13753 | Bazaar   | Bought a scroll of identify for 20 gold pieces
 13753 | Bazaar   | Bought a +2 plate armour of cold resistance for 400 gold
                  | pieces
 13753 | Bazaar   | Bought a scroll of identify for 20 gold pieces
 13777 | Bazaar   | Bought a scroll of brand weapon for 66 gold pieces
 13784 | Bazaar   | Bought a potion of heal wounds for 125 gold pieces
 13787 | Bazaar   | Bought a wand of digging (6) for 252 gold pieces
 13787 | Bazaar   | Bought a potion of heal wounds for 50 gold pieces
 13931 | Snake:3  | Noticed a nagaraja
 13953 | Snake:3  | Killed a nagaraja
 13954 | Snake:3  | Reached skill level 16 in Shields
 13963 | Snake:3  | Reached skill level 10 in Short Blades
 14759 | Snake:4  | Entered Level 4 of the Snake Pit
 14775 | Snake:4  | Reached skill level 5 in Invocations
 14904 | Snake:4  | Noticed a nagaraja
 14921 | Snake:4  | Killed a nagaraja
 15525 | Snake:4  | Identified Roxanne's Vellum of Reformation
 15525 | Snake:4  | Noticed Roxanne
 15800 | Snake:4  | Found an opulent altar of Gozag.
 15995 | Snake:4  | Reached skill level 17 in Shields
 16070 | Snake:4  | Noticed a nagaraja
 16086 | Snake:4  | Killed a nagaraja
 17449 | Snake:4  | Gained mutation: Your body sometimes deteriorates upon
                  | taking damage. [potion of mutation]
 17450 | Snake:4  | Lost mutation: Your body sometimes deteriorates upon taking
                  | damage. [potion of mutation]
 17450 | Snake:4  | Gained mutation: You are clumsy. (Dex -2) [potion of
                  | mutation]
 17450 | Snake:4  | Gained mutation: Your magical capacity is low. (-10% MP)
                  | [potion of mutation]
 17450 | Snake:4  | Gained mutation: Your spells are a little harder to cast,
                  | but a little more powerful. [potion of mutation]
 17452 | Snake:4  | Lost mutation: Your spells are a little harder to cast, but
                  | a little more powerful. [potion of mutation]
 17452 | Snake:4  | Lost mutation: You are clumsy. (Dex -2) [potion of
                  | mutation]
 17452 | Snake:4  | Lost mutation: Your magical capacity is low. (-10% MP)
                  | [potion of mutation]
 17452 | Snake:4  | Gained mutation: You are covered in fur. (AC +1) [potion of
                  | mutation]
 17452 | Snake:4  | Gained mutation: Armour fits poorly on your strangely
                  | shaped body. [potion of mutation]
 18058 | Snake:4  | Reached XP level 15. HP: 92/134 MP: 18/18
 18242 | Snake:4  | Reached skill level 18 in Shields
 18434 | Snake:4  | Noticed a nagaraja
 18453 | Snake:4  | Killed a nagaraja
 18978 | Snake:4  | Got a serpentine rune of Zot
 19906 | Lair:3   | Found a runed translucent door.
 19911 | Lair:3   | Noticed Vacku Hude's ghost (journeyman HOFi)
 19933 | Lair:3   | Killed Vacku Hude's ghost
 20259 | Lair:3   | Found a staircase to the Swamp.
 20680 | Lair:4   | You fall into a shaft and drop 1 floor!
 20680 | Lair:5   | Entered Level 5 of the Lair of Beasts
 20937 | Lair:5   | Reached skill level 19 in Shields
 22644 | Lair:5   | Found a viscous altar of Jiyva.
 22645 | Lair:5   | Found a staircase to the Slime Pits.
 22948 | Lair:5   | Slain by a death yak

Illustrated notes

Levels and vault maps discovered:
D:1:      spicycebolla_arrival_ecumenical, layout_loops_corners,
          dk_noncrumbling_2
D:2:      layout_loops_cross, basic_altar, minmay_domino_4
D:3:      layout_loops_corners, hangedman_abyss_or_decor_lesser_grid,
          hex_medium, minmay_misc_feat_chi
D:4:      layout_loops_ring, serial_bayou_crossing
D:5:      lemuel_ratsnest, layout_loops_ring, nicolae_ossuary_entry_monument,
          minmay_shop_grid_forest, kennysheep_nub, minmay_crossroads
D:6:      layout_basic, mainiacjoe_overflow_cross_hatched,
          minmay_temple_entry_mist, serial_shops, nicolae_shop_advertising_works
          [nicolae_subvault_shop_adworks], minivault_24, hangedman_decor_points,
          chequers_serial_rivers_micro_e
D:7:      layout_loops_ring, mainiacjoe_overflow_swirl,
          nicolae_tso_besieged_by_evil, lemuel_crystal_altar,
          kennysheep_mini_moat
D:8:      layout_loops_ring, elyvilon_altar_5, erik_lair_orcish_takeover,
          uniq_pikel
Lair:1:   layout_long_grid, gauntlet_entry_generic, wad_woods_river_01,
          serial_bayou_shore_a, grunt_megastairs_4
Lair:2:   layout_cave_pods, guppyfry_snake_entry_garden, basic_altar,
          grunt_megastairs_1, serial_bayou_shore_b, infiniplex_staircase_pool_2
Lair:3:   gammafunk_indiana_jones, layout_hall_layers,
          nicolae_swamp_entry_splash_gauntlet, ebering_ghost_reflecting_pool,
          lemuel_fruit_fields
Lair:4:   layout_gridlike
Lair:5:   grunt_lair_end_beastmaster, layout_regular_city,
          dpeg_slime_entry_enclosed
Snake:1:  layout_cave_shapes, serial_shops, nicolae_shop_tiny_glass
Snake:2:  layout_gridlike, portal_ice_cave_entry_ice_statue_two
Snake:3:  layout_rooms, serial_shops, bzr_entry_safe, grunt_ministairs_7
Snake:4:  snake_pit_salamanders_mu, layout_gridlike, basic_altar, uniq_roxanne

Skill      XL: |  1  2  3  4  5  6  7  8  9 10 11 12 13 14 15 |
---------------+----------------------------------------------+-----
Shields        | 4 5 6 8 10 11 13 15 17 19 | 19.7
Fighting       | 4 5 6 7 8 9 10 11 12 13 | 13.8
Armour         | 4 5 6 7 8 9 10 11 13 14 | 14.4
Maces & Flails | 1 2 3 5 7 8 10 12 | 12.9
Dodging        | 1 2 3 4 5 6 7 |  7.6
Stealth        | 2 |  2.9
Invocations    | 1 2 4 5 6 |  6.8
Short Blades   | 4 8 9 10 11 | 11.2
Axes           | |  2.5
Evocations     | |  0.2

Action                     |  1- 3 |  4- 6 |  7- 9 | 10-12 | 13-15 || total
---------------------------+-------+-------+-------+-------+-------++-------
  Melee: War axe           |    17 |       |       |       |       ||    17
         Headbutt          |    16 |    28 |    62 |   185 |   563 ||   854
         Whip              |    99 |   118 |       |       |       ||   217
         Flail             |       |    73 |   350 |   155 |       ||   578
         Short sword       |       |       |       |   464 |  1786 ||  2250
 Invoke: Heroism           |       |       |     2 |    12 |    31 ||    45
         Finesse           |       |       |       |     5 |    20 ||    25
  Evoke: Wand              |       |       |     1 |       |       ||     1
    Use: Scroll            |     3 |     2 |     5 |     5 |    20 ||    35
         Potion            |       |     3 |     2 |     8 |    17 ||    30
   Stab: Petrifying        |       |       |       |       |     2 ||     2
 Armour: Scale mail        |    41 |    71 |   142 |    73 |       ||   327
         Plate armour      |       |       |       |   109 |   357 ||   466
         Chain mail        |       |       |       |    80 |   104 ||   184
  Dodge: Dodged            |    60 |    92 |    97 |   230 |   444 ||   923
  Block: Buckler           |    22 |    30 |   184 |   465 |   727 ||  1428
         Kite shield       |       |       |       |       |   429 ||   429

Table legend: (Time is in decaauts)
 A = Elapsed time spent in this place.
 B = Non-inter-level travel time spent in this place.
 C = Inter-level travel time spent in this place.
 D = Time resting spent in this place.
 E = Time spent auto-exploring this place.
 F = Levels seen in this place.
 G = Mean time per level.
                   A        B        C        D        E       F      G
               +--------+--------+--------+--------+--------+-----+--------+
         Total |  21774 |  20860 |    914 |    100 |  15729 |  20 | 1088.7 |
       Dungeon |   6714 |   6483 |    231 |    100 |   4724 |   8 |  839.2 |
          Lair |   5665 |   5535 |    130 |      0 |   4171 |   5 | 1133.0 |
     Snake Pit |   7944 |   7391 |    553 |      0 |   5986 |   4 | 1986.0 |
        Bazaar |     70 |     70 |      0 |      0 |      0 |   1 |   70.0 |
       Ossuary |    491 |    491 |      0 |      0 |    194 |   1 |  491.0 |
      Gauntlet |    888 |    888 |      0 |      0 |    652 |   1 |  888.0 |
               +--------+--------+--------+--------+--------+-----+--------+

Top non-repeatable levels by time:
 Snake:4: 4110 daAuts
  Lair:5: 1440 daAuts
 Snake:1: 1386 daAuts
  Lair:2: 1308 daAuts
 Snake:2: 1252 daAuts
     D:1: 1202 daAuts
  Lair:1: 1196 daAuts
 Snake:3: 1195 daAuts
     D:5: 1073 daAuts
  Lair:3: 975 daAuts
     D:6: 921 daAuts
Gauntlet: 888 daAuts
     D:7: 875 daAuts
     D:3: 825 daAuts
     D:4: 797 daAuts
